Cogmind - Beta 14 @@@ ROGUE MODE // 2024.12.23 @ 00:06:32 Player: KillHour Result: Destroyed by P-70 Sage with Tesla Rifle Performance ------------- Evolutions (5) 2500 Regions Visited (14) 2800 Robots Destroyed (129) 645 Value Destroyed (4187) 4187 Prototype IDs (8) 160 Alien Tech Used (1) 200 Bonus (1521) 1521 TOTAL SCORE: 12013 Bonus ------- High Alert Combat Kills 173 Follower Combat Kills 128 Met Warlord at Base 500 MAIN.C Attacked Warlord 500 Warlord Defense Kills 248 Friendly Fire -28 Cogmind --------- Core Integrity 0/1000 Matter 300/300 Energy 100/100 System Corruption 19% Temperature Cool (0) Movement Core (50) Location -5/Warlord Parts ------- > --- POWER (1) -------- (None) > --- PROPULSION (4) --- (None) > --- UTILITY (8) ------ Enhanced Optical Array > --- WEAPON (4) ------- (None) > --- INVENTORY (5) ---- Armored Medium Treads Authchip [Weapon] Vortex Rifle (35) Vortex Rifle (35) Disruptor Cannon Peak State ------------ > --- POWER ------------ Cooled Deuterium Engine > --- PROPULSION ------- Armored Medium Treads Armored Medium Treads Armored Medium Treads Armored Medium Treads > --- UTILITY ---------- Advanced Cooling System Medium Storage Unit Enhanced Optical Array Seismic Detector Improved Weapon Cycler Layered Medium Armor Plating Layered Medium Armor Plating Improved Focal Shield > --- WEAPON ----------- Wave Gun Vortex Shotgun Long-range Proton Cannon Compact Ion Cannon > --- INVENTORY -------- Angular Momentum Engine Armored Medium Treads Authchip [Weapon] Vortex Rifle Vortex Rifle Disruptor Cannon RU-N14's Throwing Claymores v3 Segregator Signal Generator [Rating: 96] Favorites ----------- Power Cooled Deuterium Engine Engine Cooled Deuterium Engine Power Core Fission Core Propulsion Improved Carbon-fiber Leg Treads Armored Medium Treads Leg Improved Carbon-fiber Leg Wheel Armored Wheel Utility Medium Storage Unit Device Seismic Detector Storage Medium Storage Unit Processor Enhanced Optical Array Hackware Hacking Suite Protection Makeshift Light Armor Plating Weapon Hypervelocity Gauss Rifle Energy Gun Improved Arc Projector Energy Cannon Compact Ion Cannon Ballistic Gun Hypervelocity Gauss Rifle Ballistic Cannon Heavy Flak Cannon Launcher Heavy Missile Launcher Special Weapon RU-N14's Throwing Claymores v3 Impact Weapon Impact Mace Slashing Weapon Segregator Build | -11 -10 -9 -9 -8 -7 -7 -7 -6 -6 -6 -5 -5 -5 -5 ------- Run | Yrd Mat Mat Sto Mat Fac Was Fac Fac Low Low Fac Upp Upp War Slots Evolved 10 | . . 2 . 2 2 . . 2 . . 2 . . . Power . | . . . . . . . . . . . . . . . Propulsion 2 | . . . . 1 1 . . . . . . . . . Utility 6 | . . . . 1 1 . . 2 . . 2 . . . Weapon 2 | . . 2 . . . . . . . . . . . . Parts Attached 145 | 7 2 4 21 5 17 1 13 25 10 4 5 13 1 17 Power 12 | 1 . . 3 1 2 . . 2 1 . . 1 . 1 Engine 7 | 1 . . 2 . . . . 2 . . . 1 . 1 Core 5 | . . . 1 1 2 . . . 1 . . . . . Reactor . | . . . . . . . . . . . . . . . Propulsion 24 | . 2 . 5 1 3 . 1 4 1 . . 2 1 4 Treads 4 | . . . . . . . . . . . . . . 4 Leg 12 | . 2 . 2 . . . . 4 1 . . 2 1 . Wheel 8 | . . . 3 1 3 . 1 . . . . . . . Hover . | . . . . . . . . . . . . . . . Flight . | . . . . . . . . . . . . . . . Utility 49 | 3 . 2 3 1 7 . 5 7 5 2 4 5 . 5 Device 26 | 2 . . 2 . 4 . 4 2 3 1 3 2 . 3 Storage 2 | 1 . 1 . . . . . . . . . . . . Processor 3 | . . 1 . . . . . 1 . 1 . . . . Hackware 2 | . . . . . 1 . . 1 . . . . . . Protection 16 | . . . 1 1 2 . 1 3 2 . 1 3 . 2 Artifact . | . . . . . . . . . . . . . . . Weapon 60 | 3 . 2 10 2 5 1 7 12 3 2 1 5 . 7 Energy Gun 18 | 2 . 2 5 2 1 . . . . . . 2 . 4 Energy Cannon 11 | . . . 1 . 1 . 2 3 1 1 . 1 . 1 Ballistic Gun 16 | 1 . . 1 . 3 . 4 4 1 1 1 . . . Ballistic Cannon 3 | . . . 1 . . . . 1 . . . 1 . . Launcher 3 | . . . 2 . . 1 . . . . . . . . Special Weapon 1 | . . . . . . . . . . . . . . 1 Impact Weapon 7 | . . . . . . . 1 4 1 . . 1 . . Slashing Weapon 1 | . . . . . . . . . . . . . . 1 Piercing Weapon . | . . . . . . . . . . . . . . . Special Melee Weapon . | . . . . . . . . . . . . . . . Unidentified Prototypes 9 | . . . 1 . . . 1 2 . . . 2 . 3 Parts Lost 58 | . . . 9 3 3 3 9 . . 3 1 8 2 17 Power 6 | . . . 1 . 1 . 1 . . . . 1 . 2 Propulsion 11 | . . . 1 . 1 . 2 . . . . 2 1 4 Utility 19 | . . . 1 2 1 1 1 . . 2 1 2 1 7 Weapon 22 | . . . 6 1 . 2 5 . . 1 . 3 . 4 Highest Loss Streak 17 | . . . 4 3 1 2 8 . . 3 1 7 2 17 To Critical Strikes 1 | . . . . . . . . . . . . 1 . . Average Slot Usage (%) 94 | . 100 96 87 98 92 68 78 92 100 99 99 95 99 98 Engine 4 | . 14 11 10 . . . . 5 2 . . 4 5 4 Core 2 | . . . . 9 6 7 7 . 3 6 5 . . . Leg 17 | . 28 22 14 . . . . 22 26 26 23 19 23 18 Wheel 4 | . . . 6 27 25 15 14 . . . . . . . Device 14 | . 14 7 7 7 7 3 7 10 13 17 22 17 17 22 Storage 6 | . 14 11 11 9 7 7 7 6 6 6 5 5 5 5 Processor 4 | . . 3 1 . . . . 4 6 10 11 5 5 5 Hackware 1 | . . . . . 6 7 7 6 . . . . . . Protection 9 | . . . . 8 5 7 6 9 13 3 5 15 16 10 Energy Gun 6 | . 14 29 19 27 10 3 . . . . . 5 5 5 Energy Cannon 5 | . . . 3 . 1 . 2 3 2 3 5 10 11 12 Ballistic Gun 8 | . 14 11 4 . 11 12 24 13 20 20 17 1 . . Ballistic Cannon 2 | . . . 7 9 3 . . 1 . . . 3 5 3 Peak Build Rating 96 | 5 7 10 19 26 46 46 52 65 68 69 79 75 74 96 Average Rating 55 | 3 6 9 11 25 33 38 47 59 66 67 78 71 73 79 On Entrance 38 | . 5 7 10 19 17 46 31 19 65 67 69 75 74 70 Naked Turns . | . . . . . . . . . . . . . . . Heaviest Build 70 | 15 15 24 32 34 40 43 48 54 55 54 51 63 63 70 Greatest Support 108 | 3 20 20 24 36 56 56 56 72 72 70 70 70 67 108 Greatest Overweight (x) 4 | 4 . 1 2 1 1 . . 2 . . . 1 1 4 Average Overweight (x) . | 2 . . . . . . . . . . . . . . Largest Inventory Capacity 10 | 8 8 10 10 10 10 10 10 10 10 10 10 10 10 10 Average Capacity 9 | 7 8 8 10 10 10 10 10 10 10 10 10 10 10 9 Most Carried 10 | 7 8 7 10 10 10 10 10 10 10 10 10 10 10 10 Average Carried 8 | 5 6 6 8 9 8 9 9 8 9 8 9 8 9 9 Final Capacity 10 | 8 8 10 10 10 10 10 10 10 10 10 10 10 10 5 Final Carried 10 | 7 8 7 10 10 10 9 8 10 10 9 10 10 9 5 Class Distribution -------------------- 36% | Tank 30% | Derelict-Tank 9% | Mutant 8% | Gunner 7% | Skirmisher 3% | Scavenger-Gunner Dominant Class ---------------- Mutant | -10/Materials Gunner | -9/Materials Gunner | -9/Storage Tank | -8/Materials Tank | -7/Factory Mutant | -7/Waste Tank | -7/Factory Skirmisher | -6/Factory Tank | -6/Lower Caves Skirmisher | -6/Lower Caves Tank | -5/Factory Derelict-Tank | -5/Upper Caves Derelict-Tank | -5/Upper Caves Derelict-Tank | -5/Warlord Resources | -11 -10 -9 -9 -8 -7 -7 -7 -6 -6 -6 -5 -5 -5 -5 ----------- Run | Yrd Mat Mat Sto Mat Fac Was Fac Fac Low Low Fac Upp Upp War Matter Collected 3596 | 279 128 . 564 51 248 . 543 337 438 301 171 309 87 140 Remotely 245 | 222 . . . . 23 . . . . . . . . . Salvage Created 5399 | 99 308 . 1453 100 244 238 857 382 382 299 181 610 109 137 Parts 267 | 9 16 . 81 7 15 . 50 11 16 18 9 27 4 4 Haulers Intercepted 3 | . . . 2 . . . 1 . . . . . . . Recyclers Shooed 3 | . . . 3 . . . . . . . . . . . Parts Field Recycled . | . . . . . . . . . . . . . . . Retrieved Matter . | . . . . . . . . . . . . . . . Parts Self-Destructed 68 | . . . . . . . . . 16 19 . 24 9 . Prevented 8 | . . . . . . . . . . 3 . 5 . . Kills | -11 -10 -9 -9 -8 -7 -7 -7 -6 -6 -6 -5 -5 -5 -5 ------- Run | Yrd Mat Mat Sto Mat Fac Was Fac Fac Low Low Fac Upp Upp War Combat Hostiles Destroyed 104 | . 6 . 31 4 4 1 16 7 7 10 2 11 3 2 Guns 64 | . 6 . 14 3 4 . 12 1 7 10 . 6 . 1 Cannons 27 | . . . 13 1 . . 3 3 . . 1 2 3 1 AOE 9 | . . . 4 . . 1 1 . . . . 3 . . Classes Destroyed 16 | 2 3 . 5 . 1 1 3 . . . . . 1 . Worker 6 | . . . 2 . . . 4 . . . . . . . Tunneler 5 | 2 . . . . 1 . 1 . . . 1 . . . Hauler 3 | . . . 2 . . . 1 . . . . . . . Recycler 9 | 1 1 . 5 . . . 1 1 . . . . . . Mechanic 1 | . . . 1 . . . . . . . . . . . Watcher 1 | . 1 . . . . . . . . . . . . . Swarmer 39 | . 3 . 7 3 . . 4 3 3 10 . 4 2 . Grunt 36 | . 3 . 17 . 1 . 4 2 3 . . 5 . 1 Brawler 3 | . . . . . 1 . . . . . . 1 . 1 Duelist 2 | . . . 1 . . . . 1 . . . . . . Sentry 15 | . . . 6 1 2 . 3 . . . 2 1 . . Hunter 2 | . . . . . . . 1 . 1 . . . . . Programmer 4 | . . . . . . . 3 1 . . . . . . Heavy 1 | . . . . . . . 1 . . . . . . . Compactor 1 | . . . . . . 1 . . . . . . . . Mutant 1 | . . . . . . . . . . . . . 1 . Best Kill Streak 11 | 2 3 . 11 3 3 1 6 5 3 4 1 7 2 2 Combat Bots Only 9 | . 3 . 9 3 2 1 4 3 3 4 1 7 2 2 Max Kills in Single Turn 3 | 1 1 . 3 1 1 1 2 1 1 2 1 3 1 1 Gunslinging 1 | . . . . . . . . . . 1 . . . . Exploded 3 | . . . 2 . . 1 1 . . . . 3 . . Melee . | . . . . . . . . . . . . . . . Uniques/NPCs Destroyed . | . . . . . . . . . . . . . . . Combat | -11 -10 -9 -9 -8 -7 -7 -7 -6 -6 -6 -5 -5 -5 -5 -------- Run | Yrd Mat Mat Sto Mat Fac Was Fac Fac Low Low Fac Upp Upp War Hostile Shots Fired 918 | . 40 . 109 58 46 3 149 44 34 65 6 76 52 236 Missed 230 | . 16 . 26 16 11 . 27 14 6 13 2 18 24 57 Damage Taken 11734 | . 237 . 1148 488 369 152 1856 505 461 780 196 1204 396 3942 Core 1804 | . 19 . 217 74 34 46 118 106 72 106 63 113 69 767 Absorbed by Shields 31 | . . . . . . . 31 . . . . . . . Redirected to Shielding 249 | . . . . . . . . 10 78 84 . 26 51 . Ignored by Resistances 132 | . . . . . . . . . . . 9 6 . 117 Regen/Repaired (Parts) 327 | . . . 51 . . . . . . . . . . 276 Core Remaining (%) 76 | 100 92 . 45 86 . . 71 . . 66 . . . . Volleys Fired 310 | 6 37 . 101 6 16 7 39 9 17 17 15 24 10 6 Largest 4 | 2 2 . 4 4 4 4 4 3 4 3 4 4 3 4 Hottest 333 | 70 70 . 180 210 233 158 205 138 189 99 189 289 224 333 Shots Fired 789 | 9 74 . 231 21 43 15 127 20 50 52 33 68 26 20 Gun 584 | 9 74 . 143 16 37 10 108 6 48 52 27 46 . 8 Cannon 194 | . . . 82 5 6 . 19 14 2 . 6 22 26 12 Launcher 11 | . . . 6 . . 5 . . . . . . . . Special . | . . . . . . . . . . . . . . . Kinetic 470 | 3 37 . 104 5 21 7 108 13 48 52 27 36 9 . Thermal 209 | 6 37 . 74 11 22 3 4 7 2 . 6 16 9 12 Explosive 11 | . . . 6 . . 5 . . . . . . . . Electromagnetic 97 | . . . 47 5 . . 15 . . . . 16 8 6 Entropic 2 | . . . . . . . . . . . . . . 2 Robot Hit Streak 25 | 5 13 . 14 9 6 3 6 8 8 4 12 25 5 6 Robot Miss Streak 9 | 1 5 . 9 2 3 3 6 1 2 4 . 4 4 1 Penetration Max 1 | . . . . . . . 1 . . . . 1 . . Secondary Targets 13 | . 1 . 2 . . . 3 . 3 4 . . . . Max Gunslinging Chain 2 | . 1 . 1 . . . 1 . 1 2 . . . . Shots Hit Robots 460 | 7 47 . 139 11 26 5 62 19 35 24 11 48 13 13 Core Hits 230 | 4 14 . 65 4 12 8 44 6 12 19 5 26 8 3 Critical Kills 25 | . . . . . 1 . 2 1 7 9 1 4 . . Critical Parts Destroyed 21 | . . . . . . . 1 3 9 4 1 3 . . Critical Strikes 57 | . 4 . 3 . 2 2 4 4 16 13 2 7 . . Burn 8 | . 4 . 2 . 1 1 . . . . . . . . Meltdown 1 | . . . . . . . . . . . 1 . . . Destroy 44 | . . . . . 1 1 3 2 16 13 1 7 . . Blast 1 | . . . 1 . . . . . . . . . . . Corrupt 1 | . . . . . . . 1 . . . . . . . Smash 2 | . . . . . . . . 2 . . . . . . Melee Attacks 28 | . . . . . . . 1 21 3 . . 1 . 2 Thermal 2 | . . . . . . . . . . . . . . 2 Impact 26 | . . . . . . . 1 21 3 . . 1 . . Slashing . | . . . . . . . . . . . . . . . Piercing . | . . . . . . . . . . . . . . . Sneak Attacks 1 | . . . . . . . . 1 . . . . . . Combat Hostiles . | . . . . . . . . . . . . . . . Follow-up Attacks . | . . . . . . . . . . . . . . . Damage Inflicted 10720 | 107 601 . 2819 217 452 1598 1897 613 223 182 189 1030 325 467 Guns 4760 | 107 601 . 1051 162 381 146 1140 36 196 182 38 512 . 208 Cannons 2739 | . . . 1120 37 63 . 225 221 27 . 132 330 325 259 Explosions 2789 | . . . 648 . . 1452 501 . . . . 188 . . Melee 356 | . . . . . . . . 356 . . . . . . Ramming 76 | . . . . 18 8 . 31 . . . 19 . . . Kinetic 3963 | 44 324 . 1124 37 201 94 1140 89 196 182 38 398 96 . Thermal 2927 | 63 277 . 767 133 243 52 263 168 27 . 132 460 137 205 Explosive 2158 | . . . 443 . . 1452 263 . . . . . . . Electromagnetic 1155 | . . . 485 29 . . 200 . . . . 172 92 177 Impact 356 | . . . . . . . . 356 . . . . . . Slashing . | . . . . . . . . . . . . . . . Piercing . | . . . . . . . . . . . . . . . Entropic 85 | . . . . . . . . . . . . . . 85 Highest Corruption 19 | . . . . 3 . 14 15 2 2 2 . 6 6 19 Average Corruption 6 | . . . . 2 . 10 14 1 2 2 . 5 6 9 Corruption Purged . | . . . . . . . . . . . . . . . Corruption Blocked . | . . . . . . . . . . . . . . . Effects 114 | . . . . 2 . 7 31 1 8 7 . 40 16 2 Message Errors 29 | . . . . 1 . 2 8 . 2 1 . 8 6 1 Matter Fused 20 | . . . . . . 2 6 . 2 3 . 4 3 . Heat Flow Errors 16 | . . . . . . . 1 1 2 1 . 11 . . Energy Discharges 15 | . . . . . . . 5 . 2 . . 5 2 1 Parts Rejected 1 | . . . . 1 . . . . . . . . . . Parts Fused 2 | . . . . . . . . . . . . . 2 . Data Loss (minor) 12 | . . . . . . . 3 . . . . 6 3 . Data Loss (major) 3 | . . . . . . 1 1 . . . . 1 . . Misfires 6 | . . . . . . 1 1 . . 1 . 3 . . Alerts 4 | . . . . . . 1 . . . 1 . 2 . . Misdirections 2 | . . . . . . . 2 . . . . . . . Weapon Failures 4 | . . . . . . . 4 . . . . . . . Overload Shots . | . . . . . . . . . . . . . . . Overflow Damage 358 | . . . 28 15 . 1 68 221 . . . 10 15 . Projectiles 86 | . . . 14 15 . . . 32 . . . 10 15 . Explosions 83 | . . . 14 . . 1 68 . . . . . . . Melee 189 | . . . . . . . . 189 . . . . . . Knockbacks 11 | . . . 5 . . . 1 3 . . . 1 1 . Impact 4 | . . . . . . . 1 3 . . . . . . Kinetic 7 | . . . 5 . . . . . . . . 1 1 . Secondary . | . . . . . . . . . . . . . . . Self-Inflicted Damage 235 | . . . 116 8 3 29 79 . . . . . . . Shots 6 | . . . 3 . . 2 1 . . . . . . . Rammed 7 | . . . . 4 2 . 1 . . . . . . . Targets Rammed 9 | . . . 1 4 2 . 1 . . . 1 . . . Kicked 2 | . . . 1 . . . . . . . 1 . . . Crushed . | . . . . . . . . . . . . . . . Highest Temperature 441 | 27 159 . 431 311 441 42 252 145 194 112 207 348 251 294 Average Temperature 118 | 17 50 . 151 151 193 10 59 73 69 58 68 132 110 117 Received Heat Transfer 2322 | . 90 . 402 144 132 . 291 99 66 . 18 441 18 621 Effects 12 | . . . 6 2 3 . . . . . . . . 1 Shutdowns 1 | . . . 1 . . . . . . . . . . . Energy Bleed 3 | . . . 1 1 . . . . . . . . . 1 Interference 4 | . . . 2 1 1 . . . . . . . . . Matter Decay 1 | . . . 1 . . . . . . . . . . . Short Circuit 3 | . . . 1 . 2 . . . . . . . . . Siege Activations . | . . . . . . . . . . . . . . . Robots Corrupted 4 | . . . . . . . . 4 . . . . . . Combat Hostiles 3 | . . . . . . . . 3 . . . . . . Parts Fried 6 | . . . . . . . . 5 . . . 1 . . Impact Corruptions 6 | . . . . . . . . 6 . . . . . . Robots Melted 1 | . . . . . . . . . . . 1 . . . Combat Hostiles 1 | . . . . . . . . . . . 1 . . . Parts Melted 13 | . 5 . 2 1 2 . . . . . 3 . . . Heat Transferred 5848 | 185 1110 . 1835 296 592 185 250 222 37 . 185 470 185 296 Parts Sabotaged . | . . . . . . . . . . . . . . . Parts Stolen . | . . . . . . . . . . . . . . . Parts Stripped . | . . . . . . . . . . . . . . . Power Chain Reactions 3 | . . . 2 . . . . . . . . 1 . . Alert | -11 -10 -9 -9 -8 -7 -7 -7 -6 -6 -6 -5 -5 -5 -5 ------- Run | Yrd Mat Mat Sto Mat Fac Was Fac Fac Low Low Fac Upp Upp War Peak Influence 642 | 15 160 40 642 402 288 136 460 293 . . 165 . . . Initial 271 | . 9 40 16 271 173 100 88 210 . . 111 . . . Average 213 | 8 42 40 322 315 229 119 204 265 . . 120 . . . Maximum Alert Level 2 | . . . 2 2 1 . 2 1 . . . . . . Low Security (%) 51 | 100 100 100 31 . 36 100 59 8 . . 100 . . . Level 1 36 | . . . 33 94 63 . 24 91 . . . . . . Level 2 11 | . . . 35 5 . . 16 . . . . . . . Level 3 . | . . . . . . . . . . . . . . . Level 4 . | . . . . . . . . . . . . . . . Level 5 . | . . . . . . . . . . . . . . . High Security . | . . . . . . . . . . . . . . . Max Security . | . . . . . . . . . . . . . . . Squads Dispatched 18 | . 1 . 5 1 . . 8 1 . . 1 . 1 . Investigation 5 | . . . 3 . . . 1 . . . 1 . . . Extermination 3 | . . . . . . . 2 1 . . . . . . Reinforcement 5 | . 1 . 1 1 . . 2 . . . . . . . Assault 2 | . . . 1 . . . . . . . . . 1 . Garrison 3 | . . . . . . . 3 . . . . . . . Intercept . | . . . . . . . . . . . . . . . Searches Triggered . | . . . . . . . . . . . . . . . Construction Impeded . | . . . . . . . . . . . . . . . Haulers Reinforced . | . . . . . . . . . . . . . . . Active Scanning Responses . | . . . . . . . . . . . . . . . Cargo Convoy Interrupts . | . . . . . . . . . . . . . . . Stealth | -11 -10 -9 -9 -8 -7 -7 -7 -6 -6 -6 -5 -5 -5 -5 --------- Run | Yrd Mat Mat Sto Mat Fac Was Fac Fac Low Low Fac Upp Upp War Distress Signals 8 | . 2 . 1 2 . . 2 . . . . . . 1 Communications Jammed . | . . . . . . . . . . . . . . . Distress Signals . | . . . . . . . . . . . . . . . Times Spotted 219 | . 14 . 43 11 4 6 21 9 9 13 2 15 9 63 Peak Tracking Total 17 | . 5 . 8 10 3 6 5 5 4 4 1 7 10 17 Tactical Retreats 17 | . 2 . 4 1 1 1 . 1 2 2 . . 2 1 Traps | -11 -10 -9 -9 -8 -7 -7 -7 -6 -6 -6 -5 -5 -5 -5 ------- Run | Yrd Mat Mat Sto Mat Fac Was Fac Fac Low Low Fac Upp Upp War Traps Triggered 7 | . . . 2 1 1 . 2 . . . 1 . . . Indirectly . | . . . . . . . . . . . . . . . Trap Hack Attempts . | . . . . . . . . . . . . . . . Triggered . | . . . . . . . . . . . . . . . Disarmed . | . . . . . . . . . . . . . . . Reprogrammed . | . . . . . . . . . . . . . . . Reused . | . . . . . . . . . . . . . . . Traps Extracted . | . . . . . . . . . . . . . . . Installed . | . . . . . . . . . . . . . . . Triggered 12 | . . . . . . . . . . . . . . 12 Machines | -11 -10 -9 -9 -8 -7 -7 -7 -6 -6 -6 -5 -5 -5 -5 ---------- Run | Yrd Mat Mat Sto Mat Fac Was Fac Fac Low Low Fac Upp Upp War Machines Disabled 14 | . . . 1 . . . 10 1 . . . 1 1 . Max in Single Turn 5 | . . . 1 . . . 5 1 . . . 1 1 . Garrison Access 1 | . . . . 1 . . . . . . . . . . Machines Repaired . | . . . . . . . . . . . . . . . Machines Dismantled . | . . . . . . . . . . . . . . . Machines Sabotaged . | . . . . . . . . . . . . . . . Overloaded Fab Kills . | . . . . . . . . . . . . . . . Hacking | -11 -10 -9 -9 -8 -7 -7 -7 -6 -6 -6 -5 -5 -5 -5 --------- Run | Yrd Mat Mat Sto Mat Fac Was Fac Fac Low Low Fac Upp Upp War Machines Accessed 21 | . 3 . 6 3 . . 3 2 . . 1 1 . 2 Terminals 13 | . 3 . 4 2 . . 1 2 . . 1 . . . Fabricators . | . . . . . . . . . . . . . . . Repair Stations 2 | . . . 1 . . . 1 . . . . . . . Recycling Units 1 | . . . 1 . . . . . . . . . . . Scanalyzers . | . . . . . . . . . . . . . . . Garrison Access 2 | . . . . 1 . . 1 . . . . . . . Total Hacks 49 | . 12 . 11 5 . . 6 8 . . 3 1 . 3 Successful 26 | . 7 . 6 3 . . 2 3 . . 1 1 . 3 Failed 23 | . 5 . 5 2 . . 4 5 . . 2 . . . Catastrophic 5 | . 1 . 1 1 . . 2 . . . . . . . Database Lockouts . | . . . . . . . . . . . . . . . Manual 20 | . 9 . 2 3 . . . 6 . . . . . . Terminals 36 | . 12 . 7 4 . . 2 8 . . 3 . . . Fabricators . | . . . . . . . . . . . . . . . Repair Stations 5 | . . . 3 . . . 2 . . . . . . . Recycling Units 1 | . . . 1 . . . . . . . . . . . Scanalyzers . | . . . . . . . . . . . . . . . Garrison Access 3 | . . . . 1 . . 2 . . . . . . . Terminal Hacks 11 | . 2 . 1 . . . 1 2 . . 1 1 . 3 Record 5 | . . . . . . . . 1 . . 1 1 . 2 Open Door 1 | . . . . . . . . . . . . . . 1 Unreport Threat 2 | . 1 . . . . . 1 . . . . . . . Locate Traps 1 | . 1 . . . . . . . . . . . . . Investigation Status 1 | . . . 1 . . . . . . . . . . . Zone Layout 1 | . . . . . . . . 1 . . . . . . Fabricator Hacks . | . . . . . . . . . . . . . . . Repair Station Hacks 3 | . . . 2 . . . 1 . . . . . . . Scan Component 2 | . . . 1 . . . 1 . . . . . . . Repair 1 | . . . 1 . . . . . . . . . . . Recycling Unit Hacks 1 | . . . 1 . . . . . . . . . . . Report Inventory 1 | . . . 1 . . . . . . . . . . . Scanalyzer . | . . . . . . . . . . . . . . . Garrison Access Hacks 1 | . . . . 1 . . . . . . . . . . Seal Access 1 | . . . . 1 . . . . . . . . . . Unauthorized Hacks 10 | . 5 . 2 2 . . . 1 . . . . . . Terminals 10 | . 5 . 2 2 . . . 1 . . . . . . Assimilate 1 | . 1 . . . . . . . . . . . . . Botnet 2 | . 1 . . . . . . 1 . . . . . . Skim 7 | . 3 . 2 2 . . . . . . . . . . Fabricators . | . . . . . . . . . . . . . . . Repair Stations . | . . . . . . . . . . . . . . . Recycling Units . | . . . . . . . . . . . . . . . Scanalyzers . | . . . . . . . . . . . . . . . Garrison Access . | . . . . . . . . . . . . . . . Data Cores Recovered . | . . . . . . . . . . . . . . . Used . | . . . . . . . . . . . . . . . Hacking Detections 15 | . 3 . 4 2 . . 3 2 . . 1 . . . Full Trace Events 2 | . . . 1 . . . 1 . . . . . . . Feedback Events . | . . . . . . . . . . . . . . . Feedback Blocked . | . . . . . . . . . . . . . . . Robot Schematics Acquired . | . . . . . . . . . . . . . . . Robots Built . | . . . . . . . . . . . . . . . Authchips . | . . . . . . . . . . . . . . . Time . | . . . . . . . . . . . . . . . Total Robot Build Rating . | . . . . . . . . . . . . . . . Part Schematics Acquired . | . . . . . . . . . . . . . . . Parts Built . | . . . . . . . . . . . . . . . Authchips . | . . . . . . . . . . . . . . . Time . | . . . . . . . . . . . . . . . Total Part Build Rating . | . . . . . . . . . . . . . . . Parts Repaired 1 | . . . 1 . . . . . . . . . . . Time 32 | . . . 32 . . . . . . . . . . . Parts Recycled . | . . . . . . . . . . . . . . . Recycled Matter . | . . . . . . . . . . . . . . . Retrieved Matter . | . . . . . . . . . . . . . . . Retrieved Components . | . . . . . . . . . . . . . . . Parts Scanalyzed . | . . . . . . . . . . . . . . . Part Schematics Acquired . | . . . . . . . . . . . . . . . Parts Damaged . | . . . . . . . . . . . . . . . Bothacking | -11 -10 -9 -9 -8 -7 -7 -7 -6 -6 -6 -5 -5 -5 -5 ------------ Run | Yrd Mat Mat Sto Mat Fac Was Fac Fac Low Low Fac Upp Upp War Used RIF Installer . | . . . . . . . . . . . . . . . Robots Hacked . | . . . . . . . . . . . . . . . Non-combat . | . . . . . . . . . . . . . . . Combat . | . . . . . . . . . . . . . . . Robot Hacks Applied . | . . . . . . . . . . . . . . . Relay Couplers Released . | . . . . . . . . . . . . . . . Fabnet Peak Effective % . | . . . . . . . . . . . . . . . Robots Rewired 6 | . . . . . . . . . . . . 2 4 . Allies Hacked . | . . . . . . . . . . . . . . . Hacks Repelled . | . . . . . . . . . . . . . . . Allies | -11 -10 -9 -9 -8 -7 -7 -7 -6 -6 -6 -5 -5 -5 -5 -------- Run | Yrd Mat Mat Sto Mat Fac Was Fac Fac Low Low Fac Upp Upp War Total Allies 6 | . . . . . . . . . . . . 2 4 . Largest Group 4 | . . . . . . . . . . . . 2 4 . Highest-Rated Group 106 | . . . . . . . . . . . . 58 106 . Highest-Rated Ally 31 | . . . . . . . . . . . . 29 31 . Total Orders . | . . . . . . . . . . . . . . . Ally Attacks 22 | . . . . . . . . . . . . 9 13 . Total Damage 394 | . . . . . . . . . . . . 132 262 . Kills 5 | . . . . . . . . . . . . 2 3 . Allies Corrupted . | . . . . . . . . . . . . . . . Allies Melted . | . . . . . . . . . . . . . . . Intel | -11 -10 -9 -9 -8 -7 -7 -7 -6 -6 -6 -5 -5 -5 -5 ------- Run | Yrd Mat Mat Sto Mat Fac Was Fac Fac Low Low Fac Upp Upp War Robot Analysis Total . | . . . . . . . . . . . . . . . Derelict Logs Recovered 5 | . . . . . . . . . 1 2 . 1 1 . Drone Launches . | . . . . . . . . . . . . . . . Drone Recoveries . | . . . . . . . . . . . . . . . Exploration | -11 -10 -9 -9 -8 -7 -7 -7 -6 -6 -6 -5 -5 -5 -5 ------------- Run | Yrd Mat Mat Sto Mat Fac Was Fac Fac Low Low Fac Upp Upp War Turns Passed 8237 | 125 324 66 915 267 320 165 640 564 649 540 514 1611 587 950 Spaces Moved 5136 | 49 156 43 313 227 218 146 430 340 463 384 331 948 413 675 Core 54 | 49 . . . . . . . . . . . . . 5 Treads 77 | . . . . . . . . . . . . . . 77 Legs 3802 | . 156 43 174 . . . . 297 463 384 331 948 413 593 Wheels 1203 | . . . 139 227 218 146 430 43 . . . . . . Hover . | . . . . . . . . . . . . . . . Flight . | . . . . . . . . . . . . . . . Fastest Speed 50 | 50 120 120 105 90 90 100 100 100 120 120 120 120 120 50 Average Speed 125 | 191 120 136 148 91 94 100 100 119 120 120 120 153 120 128 Slowest Speed 260 | 250 120 190 260 105 105 100 100 260 120 120 120 190 190 250 Overloaded Moves . | . . . . . . . . . . . . . . . Propulsion Burnouts . | . . . . . . . . . . . . . . . Robots Hopped . | . . . . . . . . . . . . . . . Cave-ins Triggered 1 | . . . . . . . 1 . . . . . . . Exploration Rate (%) 41 | 4 38 3 41 32 6 89 14 11 64 54 9 96 63 91 Regions Visited 14 Branch Regions 6 Pre-discovered Areas 1 | . . . . . . . . . 1 . . . . . Known Exits Taken 1 | . . 1 . . . . . . . . . . . . Unknown Exits Taken 11 | 1 1 . 1 1 . . 1 1 1 1 1 1 1 . Scrap Searched 14 | . . . . . . . . . 6 2 . 4 2 . Spaces Dug 17 | . . . . . . . . 9 3 . 5 . . . Terrain Destroyed 252 | . . . 56 2 . 69 41 55 4 4 5 11 1 4 Melee 12 | . . . . . . . . 9 3 . . . . . Projectile 22 | . . . 4 2 . . . . . . 4 7 1 4 AOE 212 | . . . 52 . . 69 41 46 . . . 4 . . Terrain Rammed . | . . . . . . . . . . . . . . . Walls Destroyed . | . . . . . . . . . . . . . . . Machines Disabled . | . . . . . . . . . . . . . . . Actions | -11 -10 -9 -9 -8 -7 -7 -7 -6 -6 -6 -5 -5 -5 -5 --------- Run | Yrd Mat Mat Sto Mat Fac Was Fac Fac Low Low Fac Upp Upp War Total 6285 | 70 220 50 575 275 303 153 550 438 513 424 424 1056 485 749 Wait 406 | . 19 . 123 23 24 . 38 24 13 18 63 22 13 26 Move 5123 | 48 155 42 312 226 218 145 429 339 462 383 330 947 412 675 Hop . | . . . . . . . . . . . . . . . Pick Up 98 | 9 5 2 11 6 14 . 10 12 2 2 6 8 3 8 Fast Attach 42 | 3 . 3 9 . 4 . 4 9 1 . 1 2 . 6 Attach 49 | 2 2 1 4 2 6 1 5 8 . 3 2 7 1 5 Detach 5 | . . . 1 . 1 . . 3 . . . . . . Swap 55 | 2 . . 8 3 7 . 4 8 9 1 2 5 . 6 Drop 70 | . 2 2 5 5 11 . 9 5 6 . 4 3 3 15 Fire 310 | 6 37 . 101 6 16 7 39 9 17 17 15 24 10 6 Melee 28 | . . . . . . . 1 21 3 . . 1 . 2 Ram 7 | . . . . 4 2 . 1 . . . . . . . Kick 2 | . . . 1 . . . . . . . 1 . . . Crush . | . . . . . . . . . . . . . . . Escape Stasis 10 | . . . . . . . 10 . . . . . . . Rewire 80 | . . . . . . . . . . . . 37 43 . Trap . | . . . . . . . . . . . . . . . Miscellaneous . | . . . . . . . . . . . . . . . Route ------- -11/Scrapyard -10/Materials (discovered 2 exits: [*Mat] / [*Min]) -9/Materials -9/Storage -8/Materials -7/Factory -7/Waste -7/Factory -6/Factory -6/Lower Caves -6/Lower Caves -5/Factory -5/Upper Caves -5/Upper Caves (discovered 2 exits: [*Fac] / *War) -5/Warlord (discovered 1 exit: [*Pro]) History --------- Turn | Location | Event 8 | -11/Scrapyard | Discovered new exit (range 15) 126 | -11/Scrapyard | Entered Materials 278 | -10/Materials | Discovered new exit (range 7) 301 | -10/Materials | Build established: Mutant 432 | -10/Materials | Discovered new exit (range 10) 450 | -10/Materials | Entered another Materials area 450 | -9/Materials | Evolved 2 slots: Weapon x2 451 | -9/Materials | Discovered new exit (range 9) 493 | -9/Materials | Identified exit to Storage 516 | -9/Materials | Entered Storage 801 | -9/Storage | Lost 4 parts (4w) 928 | -9/Storage | Repaired Rocket Launcher 1104 | -9/Storage | Lost 3 parts (1p1u1w) 1127 | -9/Storage | Destroyed 9 combat bots 1316 | -9/Storage | First assault squad dispatched 1357 | -9/Storage | Core integrity fell below 50% 1415 | -9/Storage | Discovered new exit (range 16) 1431 | -9/Storage | Entered Materials 1431 | -8/Materials | Evolved 2 slots: Propulsion x1, Utility x1 1685 | -8/Materials | Discovered new exit (range 13) 1698 | -8/Materials | Entered Factory 1698 | -7/Factory | Evolved 2 slots: Propulsion x1, Utility x1 1728 | -7/Factory | Lost 3 parts (2u1w) 1742 | -7/Factory | Build established: Tank 2018 | -7/Factory | Sucked down chute 2018 | -7/Factory | Entered Waste 2025 | -7/Waste | Spotted C-40 Crusher 2030 | -7/Waste | Spotted C-40 Crusher 2031 | -7/Waste | Spotted C-40 Crusher 2033 | -7/Waste | EMP discharged 2041 | -7/Waste | Crushed by Compactor (0 parts destroyed, 1 dropped) 2055 | -7/Waste | Spotted C-40 Crusher 2089 | -7/Waste | Spotted C-40 Crusher 2094 | -7/Waste | Crushed by Compactor (1 part destroyed, 1 dropped) 2094 | -7/Waste | Spotted C-40 Crusher 2120 | -7/Waste | Destroyed C-40 Crusher 2133 | -7/Waste | EMP discharged 2133 | -7/Waste | System corruption reached 10% 2141 | -7/Waste | Crushed by Compactor (1 part destroyed) 2172 | -7/Waste | Discovered new exit (range 11) 2183 | -7/Waste | Entered Factory 2770 | -7/Factory | Discovered new exit (range 14) 2788 | -7/Factory | Crushed by falling debris 2823 | -7/Factory | Entered another Factory area 2823 | -6/Factory | Evolved 2 slots: Utility x2 2851 | -6/Factory | Lost 8 parts (1p2n1u4w) 3383 | -6/Factory | Discovered new exit (range 3) 3387 | -6/Factory | Entered Lower Caves 3564 | -6/Lower Caves | Encountered a Warlord checkpoint 3911 | -6/Lower Caves | Found DCF Scrap (14 items) 4026 | -6/Lower Caves | Discovered new exit (range 9) 4036 | -6/Lower Caves | Entered another Lower Caves area 4235 | -6/Lower Caves | Lost 3 parts (2u1w) 4266 | -6/Lower Caves | Encountered a Warlord checkpoint 4277 | -6/Lower Caves | Learned Factory emergency access door positions 4409 | -6/Lower Caves | Learned Factory emergency access door positions 4471 | -6/Lower Caves | Build established: Skirmisher 4567 | -6/Lower Caves | Discovered new exit (range 6) 4576 | -6/Lower Caves | Entered Factory 4576 | -5/Factory | Evolved 2 slots: Utility x2 4867 | -5/Factory | Build established: Tank 5064 | -5/Factory | Discovered new exit (range 22) 5090 | -5/Factory | Entered Upper Caves 5161 | -5/Upper Caves | Attracted the attention of an 0b10 outpost 5239 | -5/Upper Caves | Lost 7 parts (1p1n2u3w) 5243 | -5/Upper Caves | Destroyed 7 combat bots 5359 | -5/Upper Caves | Learned location of 1 exit from Factory 5412 | -5/Upper Caves | Found Alien Artifact 5413 | -5/Upper Caves | Identified Dimensional Node Initializer 5413 | -5/Upper Caves | Initialized slip node 5791 | -5/Upper Caves | Build established: Derelict-Tank 6471 | -5/Upper Caves | Discovered new exit (range 12) 6701 | -5/Upper Caves | Entered another Upper Caves area 6741 | -5/Upper Caves | Discovered new exit (range 8) 6953 | -5/Upper Caves | Encountered a Warlord checkpoint 6973 | -5/Upper Caves | Attacked by a delusional Derelict stockpiling Unaware 7171 | -5/Upper Caves | Spotted B-75 Beast 7195 | -5/Upper Caves | Attracted the attention of an 0b10 outpost 7228 | -5/Upper Caves | Lost 4 allies 7266 | -5/Upper Caves | Learned Factory security intel 7277 | -5/Upper Caves | Discovered new exit (range 10) 7288 | -5/Upper Caves | Entered Warlord 7330 | -5/Warlord | System corruption cleaned by Quarantine Array 7431 | -5/Warlord | Found Signal Generator 7622 | -5/Warlord | Visited the Vortex Lab 7629 | -5/Warlord | Found Prototype Energy Gun 7629 | -5/Warlord | Identified Vortex Rifle 7633 | -5/Warlord | Found Vortex Rifle 7638 | -5/Warlord | Warlord's base attacked by MAIN.C 7654 | -5/Warlord | Found Prototype Energy Gun 7655 | -5/Warlord | Identified Vortex Shotgun 7807 | -5/Warlord | Met Warlord 7958 | -5/Warlord | Found Prototype Special Weapon 7958 | -5/Warlord | Identified RU-N14's Throwing Claymores v3 7962 | -5/Warlord | Found RU-N14's Throwing Claymores v3 7988 | -5/Warlord | Warlord forces counterattacked 8069 | -5/Warlord | Spotted Executioner 8136 | -5/Warlord | Lost 12 allies 8157 | -5/Warlord | Spotted Striker 8163 | -5/Warlord | Spotted Striker 8173 | -5/Warlord | Spotted Executioner 8176 | -5/Warlord | P-70 Sage assimilated allied WW-2LG(g) 8183 | -5/Warlord | Discovered new exit (range 17) 8209 | -5/Warlord | System corruption reached 10% 8219 | -5/Warlord | Core integrity fell below 50% 8228 | -5/Warlord | Lost 14 allies 8235 | -5/Warlord | Core integrity fell below 20% 8238 | -5/Warlord | Destroyed by P-70 Sage with Tesla Rifle Last Messages --------------- 08225_ Angular Momentum Engine destroyed. 08225_ Arm. Medium Treads destroyed. 08225_ Penetrated by Slug. 08225_ Slug penetrates Earth. 08226_ Chain reaction triggered in Mic. Antimatter Reactor. 08226_ B-60 Warrior destroyed. 08226_ P-70 Sage destroyed. 08228_ ANNOUNCEMENT: MAIN.C reinforcements approaching through caves, arriving soon. 08228_ Penetrated by Slug. 08228_ Arm. Medium Treads destroyed. 08232_ P-70 Sage resets P-80 Master, system corruption cleaned. 08234_ Com. Ion Cannon destroyed. 08234_ Med. Storage Unit destroyed. 08234_ Slug penetrates Wall. 08234_ Slug penetrates Earth. 08234_ Penetrated by Slug. 08237_ Slug penetrates Earth. 08238_ ANNOUNCEMENT: Detected 2 Hunter squads, 1 Melee squad, 1 Programmer squad, with prototype support. 08238_ P-70 Sage resets B-60 Warrior, system corruption cleaned. [Achievement: This Is Interesting...] Map ----- +----------------------------------------------------+ | | | | | | | | | | | | | ???????????????????????????????? | | ???????????????????????????????? | | ???????????????????????????????? | | ???????????????????????????????? | | ???????????????????????????????? | | ???????????????????????????????? | | ???????????????????????????????? | | ???????????????????????????????? | | ???????????????????????????????? | | ???????????????????????????????? | | ???????????????????????????????? | | ???????????????????????????????? | | ??????????????????????#####???## | | ?????????????????????## ###bE# | | ???????????????????### b#shs | | ??????????????????##; =